 Dungeon Crawl Stone Soup version 0.25.0-46-gbd7b0854d2 (webtiles) character file.

Game seed: 4501317826733071035

606 Curus the Carver (level 7, -2/56 HPs)
             Began as a Minotaur Gladiator on July 14, 2020.
             Slain by an orc
             ... wielding a +3 hand axe
              (9 damage)
             ... on level 5 of the Dungeon.
             The game lasted 00:19:14 (3494 turns).

Curus the Carver (Minotaur Gladiator)               Turns: 3494, Time: 00:19:15

Health: -2/56      AC:  6    Str: 18    XL:     7   Next: 19%
Magic:  6/6        EV: 13    Int:  7    God:
Gold:   205        SH:  0    Dex: 12    Spells: 6/6 levels left

rFire    . . .     SeeInvis +   a - +1 long sword
rCold    . . .     Gourm    .   (no shield)
rNeg     + . .     Faith    .   g - +1 leather armour (curse)
rPois    .         Spirit   .   c - +0 hat
rElec    .         Reflect  .   k - +1 cloak
rCorr    .         Harm     .   (no gloves)
MR       .....                  (no boots)
Stlth    +.........             o - amulet of magic regeneration
HPRegen  0.18/turn              j - ring of positive energy
MPRegen  0.35/turn              q - ring of see invisible

@: slowed, very slow
A: retaliatory headbutt, horns 2
a: no special abilities


You were on level 5 of the Dungeon.
You were not hungry.

You visited 1 branch of the dungeon, and saw 5 of its levels.

You collected 205 gold pieces.

Inventory:

Hand Weapons
 a - a +1 long sword (weapon)
Missiles
 d - 3 throwing nets (quivered)
Armour
 b - a +0 leather armour
 c - a +0 hat (worn)
 e - a +2 tower shield
 g - a cursed +1 leather armour (worn)
 i - a +0 cloak
 k - a +1 cloak (worn)
Jewellery
 j - a ring of positive energy (left hand)
 o - an amulet of magic regeneration (around neck)
 q - a ring of see invisible (right hand)
Wands
 p - a wand of random effects (13)
Scrolls
 h - 5 scrolls of identify
 l - 2 scrolls of teleportation
Potions
 n - a potion of might
Comestibles
 f - 7 rations
 m - 8 chunks of flesh


   Skills:
 - Level 2.4 Fighting
 + Level 10.0 Long Blades
 - Level 2.0 Throwing
 - Level 3.2 Dodging


You had 6 spell levels left.
You didn't know any spells.
Your spell library was empty.

Dungeon Overview and Level Annotations

Branches:
Dungeon (5/15)
 Temple: D:4-7

Altars:
Ashenzari
Elyvilon
Fedhas
Nemelex Xobeh
Qazlal
Xom
Yredelemnul


Innate Abilities, Weirdness & Mutations

You reflexively headbutt those who attack you in melee.
You have a pair of horns on your head.


Message History

* * * LOW HITPOINT WARNING * * *
The orc completely misses you.
The orc priest hits you but does no damage.
The orc barely misses you. The orc barely misses you.
The orc priest looks satisfied for a moment.
The orc hits you with a +0 mace.
* * * LOW HITPOINT WARNING * * *
The orc barely misses you.
You riposte.
You hit the orc.
The orc is severely wounded.
You completely miss the orc.
The orc is severely wounded.
The orc hits you with a +3 hand axe.
* * * LOW HITPOINT WARNING * * *
The orc misses you.
You riposte.
You hit the orc but do no damage.
The orc is severely wounded.
You hit the orc.
The orc is almost dead.
The orc hits you with a +3 hand axe!
You die...

#.#
.................
..
...#.#.(........#
...
.......(.......)#
.....#..........#
..#....)........#
#
#.##........####
#..............#
###.#.##........
#.#@##.......#
#.#o#.........
#.oo#.........
##............
##...........
#)).........
#...........
#.#.........
#.#........


You could see an orc priest and 2 orcs.

Vanquished Creatures
  Sigmund (D:2)
  A centaur (D:5)
  A howler monkey (D:1)
  An orc priest (D:4)
  An orc wizard (D:5)
  Crazy Yiuf (D:2)
  A worker ant (D:4)
  Ijyb (D:3)
  Robin (D:3)
  7 adders
  An adder zombie (D:2)
  4 worms
  A dart slug (D:2)
  4 leopard geckos
  8 orcs
  11 giant cockroaches
  13 goblins
  7 hobgoblins
  2 jackals (D:5)
  9 kobolds
  A quokka (D:4)
  2 ball pythons
  8 bats
  4 frilled lizards
  4 rats
  A fungus (D:2)
96 creatures vanquished.

Notes
Turn   | Place    | Note
-------+----------+-------------------------------------------
     0 | D:1      | Curus the Minotaur Gladiator began the quest for the Orb.
     0 | D:1      | Reached XP level 1. HP: 18/18 MP: 0/0
   122 | D:1      | Reached skill level 4 in Long Blades
   416 | D:1      | Reached XP level 2. HP: 25/25 MP: 1/1
   766 | D:2      | Noticed Sigmund
   766 | D:2      | Noticed a howler monkey
   774 | D:1      | Killed a howler monkey
   774 | D:1      | Reached skill level 5 in Long Blades
   774 | D:1      | Reached XP level 3. HP: 24/30 MP: 2/2
   958 | D:2      | Reached skill level 6 in Long Blades
   958 | D:2      | Reached XP level 4. HP: 34/37 MP: 3/3
  1022 | D:2      | Found a stormy altar of Qazlal.
  1024 | D:2      | Found a shimmering altar of Xom.
  1269 | D:2      | Found a blossoming altar of Fedhas.
  1289 | D:2      | Killed Sigmund
  1289 | D:2      | Reached skill level 8 in Long Blades
  1289 | D:2      | Reached XP level 5. HP: 13/42 MP: 4/4
  1572 | D:2      | Reached XP level 6. HP: 50/50 MP: 5/5
  1798 | D:2      | Found a runed translucent door.
  1799 | D:2      | Noticed Crazy Yiuf
  1807 | D:2      | Killed Crazy Yiuf
  1900 | D:3      | Identified the +1 helmet of Ystre Qamn {rN+ Int+3}
  1900 | D:3      | Noticed Robin
  1915 | D:3      | Killed Robin
  2278 | D:3      | Found a white marble altar of Elyvilon.
  2331 | D:3      | Found a basalt altar of Yredelemnul.
  2505 | D:3      | Found a shattered altar of Ashenzari.
  2532 | D:3      | Noticed Ijyb
  2537 | D:3      | Killed Ijyb
  2581 | D:3      | Reached skill level 9 in Long Blades
  2804 | D:4      | Found a sparkling altar of Nemelex Xobeh.
  3265 | D:5      | Entered Level 5 of the Dungeon
  3303 | D:5      | Reached XP level 7. HP: 26/56 MP: 6/6
  3483 | D:5      | Reached skill level 10 in Long Blades
  3494 | D:5      | Slain by an orc

Illustrated notes

Levels and vault maps discovered:
D:1:      minmay_arrival_cross, layout_basic
D:2:      layout_rooms, nicolae_overflow_hidden_temple, uniq_crazy_yiuf_cottage,
          uniq_sigmund
D:3:      layout_rooms, kennysheep_ying_yang, chequers_serial_rivers_micro_b,
          evilmike_ruin_ashenzari, uniq_ijyb, uniq_robin
D:4:      layout_rooms, nemelex_xobeh_ov_fountains_minmay, first_ration
D:5:      layout_rooms, kennysheep_okawaru_gauntlet,
          cheibrodos_sewer_entry_drain, hangedman_decor_riveting

Skill      XL: |  1  2  3  4  5  6  7 |
---------------+----------------------+-----
Long Blades    | 4 5 6 8 9 10 | 10.0
Fighting       | |  2.4
Throwing       | |  2.0
Dodging        | |  3.2

Action                   |  1- 3 |  4- 6 |  7- 9 || total
-------------------------+-------+-------+-------++-------
Melee: Long sword        |    53 |   136 |    15 ||   204
       Headbutt          |     6 |    36 |     1 ||    43
  Use: Scroll            |     3 |     6 |       ||     9
       Potion            |     1 |     2 |       ||     3
 Stab: Sleeping          |       |     1 |       ||     1
  Eat: Chunk             |       |     8 |       ||     8
Armor: Leather armour    |    21 |    32 |     2 ||    55
Dodge: Dodged            |    40 |    79 |    19 ||   138
       Rpst.: Long sword |     8 |    22 |     4 ||    34
